 Dungeon Crawl Stone Soup version 0.30.0-5-g1a98f26d00 (webtiles) character file.

Game seed: 17839763512455029649

4015 Jarnaxa the Cleaver (level 10, -3/86 HPs)
             Began as a Hill Orc Monk on May 11, 2023.
             Was a High Priest of Beogh.
             Succumbed to a death drake's dark miasma
             ... on level 9 of the Dungeon.
             The game lasted 00:26:38 (11690 turns).

Jarnaxa the Cleaver (Hill Orc Monk)                Turns: 11690, Time: 00:26:39

Health: -3/86      AC: 17    Str: 19    XL:     10   Next: 23%
Magic:  16/16      EV:  9    Int: 10    God:    Beogh [*****.]
Gold:   531        SH:  0    Dex: 13    Spells: 9/9 levels left

rFire   . . .        a - +0 hand axe
rCold   + . .        d - orb {light}
rNeg    . . .        x - +4 chain mail
rPois   .            E - +1 helmet
rElec   .            (no cloak)
rCorr   .            (no gloves)
SInv    +            (no boots)
Will    .....        s - amulet of faith Stlth
                     e - ring of see invisible
HPRegen 0.34/turn    C - ring of protection from cold
MPRegen 0.15/turn

%: faith
@: lethally poisoned (-3 -> -42), slowed, glowing, very slow
A: walk on water
a: Renounce Religion, Smiting, Recall Orcish Followers, Give Item to Named
Follower


You were on level 9 of the Dungeon.
You worshipped Beogh.
Beogh was extremely pleased with you.
You visited 1 branch of the dungeon, and saw 9 of its levels.
You also visited: Ossuary.

You collected 619 gold pieces.
You spent 88 gold pieces at shops.

Inventory:

Hand Weapons
 a - a +0 hand axe (weapon)
 H - the +0 mace of Cioriblo {flame, Contam Int+2 Dex+3}
   (You found it on level 4 of the Dungeon)

   Int:       It affects your intelligence (+2).
   Dex:       It affects your dexterity (+3).
   Contam:    It causes magical contamination when unequipped.
 I - the +9 spear of Icuitac {venom, *Slow rElec rPois}
   (You found it on level 8 of the Dungeon)

   rElec:     It insulates you from electricity.
   rPois:     It protects you from poison.
   *Slow:     It may slow you when you take damage.
Missiles
 B - a throwing net (quivered)
Armour
 d - an orb of light (worn)
 u - a +0 helmet
 x - a +4 chain mail (worn)
 E - a +1 helmet (worn)
Jewellery
 e - a ring of see invisible (left hand)
 l - a ring of flight
 s - an amulet of faith (around neck)
 t - a ring of magical power
 A - a ring of magical power
 C - a ring of protection from cold (right hand)
Wands
 m - a wand of flame (49)
Scrolls
 f - 4 scrolls of fog
 j - a scroll of butterflies
 k - a scroll of immolation
 n - 2 scrolls of vulnerability
 r - 3 scrolls of teleportation
 v - 2 scrolls of noise
 y - 3 scrolls of enchant weapon
 z - a scroll of poison {unknown}
 D - a scroll of blinking {unknown}
 F - 2 scrolls of fear {unknown}
 G - a scroll of torment {unknown}
 J - a scroll of silence {unknown}
 L - a scroll of identify
Potions
 b - 5 potions of curing
 c - 4 potions of ambrosia
 g - 4 potions of heal wounds
 h - 2 potions of attraction {unknown}
 i - a potion of haste {unknown}
 o - 2 potions of lignification {unknown}
 p - 2 potions of flight {unknown}
 q - 2 potions of mutation {unknown}
 w - a potion of brilliance
 K - a potion of degeneration {unknown}


   Skills:
 + Level 7.2 Fighting
 + Level 11.4 Axes
 + Level 7.5 Armour
 + Level 3.8 Dodging
 + Level 2.4 Stealth
 * Level 8.7 Invocations


You had 9 spell levels left.
You didn't know any spells.
Your spell library contained the following spells:

 Spells                   Type           Power      Damage    Failure   Level
 Apportation              Tloc           0%         N/A       95%         1
 Necrotise                Necr           0%         1d4       95%         1
 Summon Small Mammal      Summ           0%         N/A       95%         1
 Cigotuvi's Dreadful Rot  Necr/Pois/Air  0%         N/A       98%         2
 Ensorcelled Hibernation  Hex/Ice        0%         N/A       98%         2
 Call Canine Familiar     Summ           0%         N/A       100%        3
 Ozocubu's Armour         Ice            0%         N/A       100%        3
 Portal Projectile        Hex/Tloc       0%         N/A       100%        3
 Spider Form              Tmut/Pois      0%         N/A       100%        3
 Stone Arrow              Conj/Erth      0%         3d7       100%        3
 Anguish                  Hex/Necr       0%         N/A       100%        4
 Animate Armour           Summ/Erth      0%         N/A       100%        4
 Dispel Undead            Necr           0%         3d6       100%        4
 Leda's Liquefaction      Hex/Erth       0%         N/A       100%        4
 Summon Lightning Spire   Summ/Air       0%         N/A       100%        4
 Metabolic Englaciation   Hex/Ice        0%         N/A       100%        5
 Death Channel            Necr           0%         N/A       100%        6
 Simulacrum               Ice/Necr       0%         N/A       100%        6
 Storm Form               Tmut/Air       0%         N/A       100%        7
 Lehudib's Crystal Spear  Conj/Erth      0%         10d2      100%        8
 Maxwell's Capacitive Co  Air            0%         ∞         100%        8


Dungeon Overview and Level Annotations

Branches:
Dungeon (9/15)             Temple (0/1) D:7            Lair (0/5) D:9
Ossuary (visited)
    Orc: D:9-12

Altars:
Cheibriados
Dithmenos
Fedhas
Hepliaklqana
Nemelex Xobeh
Qazlal
Ru
Sif Muna
Uskayaw
Vehumet
Xom
Yredelemnul
The Shining One
Beogh

Shops:
D:3 [   D:4 !   D:8 [

Annotations:
D:3 2 transporters, CoinPitGoblin's ghost, amateur DsSu


Message History

Unknown command.
You closely miss the death drake.
The death drake is lightly wounded.
You feel very sick.
The death drake bites you but does no damage.
Your orc knight hits the death drake from afar with a +0 trident!
The death drake bites you!
* * * LOW HITPOINT WARNING * * *
You barely miss the death drake.
The death drake is lightly wounded.
You feel very sick. The death drake breathes miasma at you.
The foul vapour engulfs you.
You are lethally poisoned!
You feel as though you will be slow longer.
* * * LOW HITPOINT WARNING * * *
Your orc warrior is engulfed in dark miasma.
Your orc warrior looks even sicker.
Your orc knight is engulfed in dark miasma.
Your orc knight looks even sicker.
Your orc knight seems to slow down.
Your orc knight hits the death drake from afar with a +0 trident!!
You hit the death drake.
The death drake is heavily wounded.
You are engulfed in dark miasma.
You are more poisoned.
You feel as though you will be slow longer.
* * * LOW HITPOINT WARNING * * *
You feel extremely sick.
Your orc knight is no longer moving slowly.
The death drake bites you but does no damage.
Your orc warrior is engulfed in dark miasma.
Your orc warrior is poisoned.
Your orc knight is engulfed in dark miasma.
Your orc knight looks as sick as possible!
Your orc knight roars a battlecry!
Your orcs go into a battle-frenzy!
The death drake bites you but does no damage.
You hit the death drake.
The death drake is heavily wounded.
You die...

..# ..# # #..
#. ... ##.##.#
# .##..°####
.#
.u..⌠°k°°##.#
#. #@##..#
#.##o#..#
#.#oo°.## #
#.##o### # .##
###oo# .. Yu
##...# #.
####o...#
.##.##.#.....#
..#u#..o.#####


You could see a death drake shaped shifter (ally target), a green ugly thing, a
friendly orc knight (extremely poisoned), 3 friendly orc warriors, a friendly
orc priest (strong) and the friendly Brandogh the orc priest (strong).

Vanquished Creatures
  A troll (D:6)
  Prince Ribbit (D:6)
  2 steam dragons (D:6)
  Edmund (D:4)
  3 water moccasins
  3 black bears
  An ice beast (D:5)
  A centaur (D:8)
  2 kobold brigands (D:6)
  4 wights (D:8)
  2 killer bees (D:9)
  A howler monkey (D:4)
  3 centaur zombies (Ossuary)
  3 orc priests
  2 human zombies (Ossuary)
  A sleepcap (D:4)
  2 iguanas
  An orc wizard (D:5)
  3 hound zombies (Ossuary)
  4 mummies
  Robin (D:2)
  4 gnolls (D:4)
  2 adders
  A white imp (D:6)
  2 adder zombies (Ossuary)
  2 worms (D:3)
  A dart slug (D:1)
  2 orcs
  5 ball pythons
  2 endoplasms
  4 giant cockroaches
  16 goblins
  11 hobgoblins
  2 jackals (D:1)
  3 quokkas
  4 bats (D:1)
  4 frilled lizards
  3 goblin zombies (Ossuary)
  2 hobgoblin zombies (Ossuary)
  4 jackal zombies (Ossuary)
  21 kobolds
  3 kobold zombies (Ossuary)
  4 orc zombies (Ossuary)
  A quokka zombie (Ossuary)
  3 rats (D:2)
  2 rat zombies (Ossuary)
150 creatures vanquished.

Vanquished Creatures (collateral kills)
  A cyclops (D:8)
  Joseph (D:7)
  A hornet (D:8)
  Menkaure (D:6)
  2 black bears
  A centaur (D:7)
  A kobold brigand (D:8)
  2 elf zombies (Ossuary)
  3 bullfrogs
  A scorpion (D:6)
  8 wights (D:8)
  8 killer bees
  3 howler monkeys (D:7)
  2 jellies
  3 orc priests
  An iguana (D:7)
  An orc wizard (D:7)
  6 gnolls (D:4)
  4 adders
  2 ufetubi
  An adder zombie (Ossuary)
  9 orcs
  2 endoplasms
  A hobgoblin (D:4)
  A gnoll zombie (Ossuary)
  2 goblin zombies (Ossuary)
  2 kobolds
  A kobold zombie (Ossuary)
  A rat zombie (Ossuary)
72 creatures vanquished.

Vanquished Creatures (others)
  An orc priest (D:6)
  An orc warrior (D:7)
  3 orc wizards
  13 orcs
18 creatures vanquished.

Grand Total: 240 creatures vanquished

Notes
Turn   | Place    | Note
-------+----------+-------------------------------------------
     0 | D:1      | Jarnaxa the Hill Orc Monk began the quest for the Orb.
     0 | D:1      | Reached XP level 1. HP: 19/19 MP: 1/1
   217 | D:1      | Reached XP level 2. HP: 27/27 MP: 2/2
   465 | D:1      | Reached XP level 3. HP: 24/33 MP: 3/3
   903 | D:2      | You fall into a shaft and drop 1 floor!
  1048 | D:3      | Found a transporter.
  1048 | D:3      | Noticed CoinPitGoblin's ghost (amateur DsSu)
  1290 | D:2      | Found a faded altar of an unknown god.
  1325 | D:2      | Prayed at the altar of an unknown god.
  1325 | D:2      | Became a worshipper of Beogh the Brigand
  1325 | D:2      | Reached * piety under Beogh
  1325 | D:2      | Reached ** piety under Beogh
  1350 | D:2      | Reached skill level 5 in Axes
  1353 | D:2      | Noticed Robin
  1359 | D:2      | Reached XP level 4. HP: 32/40 MP: 4/4
  1361 | D:2      | Reached skill level 1 in Armour
  1362 | D:2      | Reached *** piety under Beogh
  1366 | D:2      | Killed Robin
  1726 | D:2      | Identified the +0 rapier of Cheese {pain, rPois Str+2}
  2045 | D:3      | Found a transporter.
  2089 | D:3      | Found Nusur's Antique Armour Emporium.
  2693 | D:4      | Reached skill level 1 in Invocations
  2695 | D:4      | Reached XP level 5. HP: 15/47 MP: 5/5
  2897 | D:4      | Found a sand-covered staircase.
  2913 | Ossuary  | Entered an ossuary
  3011 | Ossuary  | Reached skill level 6 in Axes
  3013 | Ossuary  | Reached XP level 6. HP: 53/55 MP: 7/7
  3035 | Ossuary  | Reached **** piety under Beogh
  3193 | Ossuary  | Gained Murdo as an ally
  3194 | Ossuary  | Reached skill level 5 in Fighting
  3424 | Ossuary  | Reached skill level 7 in Axes
  3424 | Ossuary  | Reached XP level 7. HP: 61/61 MP: 9/9
  3486 | Ossuary  | Reached ***** piety under Beogh
  3493 | Ossuary  | Gained Brandogh as an ally
  3702 | D:4      | Identified the +0 mace of Cioriblo {flame, Contam Int+2
                  | Dex+3}
  3785 | D:4      | Noticed Edmund
  3792 | D:4      | Killed Edmund
  4167 | D:4      | Found Zeigratyca's Distillery.
  4186 | D:4      | Bought a potion of heal wounds for 55 gold pieces
  4186 | D:4      | Bought a potion of curing for 33 gold pieces
  4422 | D:4      | Reached skill level 8 in Axes
  4588 | D:5      | Entered Level 5 of the Dungeon
  5221 | D:5      | Reached XP level 8. HP: 68/69 MP: 11/11
  5392 | D:5      | Reached skill level 1 in Stealth
  6059 | D:5      | Reached skill level 5 in Invocations
  6448 | D:6      | Reached skill level 9 in Axes
  6686 | D:6      | Noticed a troll
  6696 | D:6      | Killed a troll
  6773 | D:6      | Noticed Prince Ribbit
  6782 | D:6      | Killed Prince Ribbit
  6783 | D:6      | Reached skill level 5 in Armour
  6830 | D:6      | Your ally Murdo died
  6833 | D:6      | Reached XP level 9. HP: 64/75 MP: 13/13
  6942 | D:6      | Found a blossoming altar of Fedhas.
  6977 | D:6      | Noticed Menkaure
  6987 | D:6      | Killed Menkaure
  7155 | D:6      | Reached skill level 10 in Axes
  7435 | D:6      | Found a shimmering blue altar of Sif Muna.
  7727 | D:6      | Identified the +3 sling "Ixontev" {heavy, Drain Fragile
                  | Str+8 SInv}
  8234 | D:7      | Found a shadowy altar of Dithmenos.
  8248 | D:7      | Found a hide-covered altar of Uskayaw.
  8249 | D:7      | Found a radiant altar of Vehumet.
  8250 | D:7      | Found a shimmering altar of Xom.
  8251 | D:7      | Found a glowing golden altar of the Shining One.
  8251 | D:7      | Found a snail-covered altar of Cheibriados.
  8257 | D:7      | Found a basalt altar of Yredelemnul.
  8570 | D:7      | Gained Thorok as an ally
  8581 | D:7      | Found a sparkling altar of Nemelex Xobeh.
  8815 | D:7      | Found a staircase to the Ecumenical Temple.
  9103 | D:7      | Noticed Joseph
  9114 | D:7      | Your ally Thorok died
  9114 | D:7      | Killed Joseph
  9532 | D:7      | Found a hazy altar of Hepliaklqana.
 10606 | D:8      | Found a sacrificial altar of Ru.
 10627 | D:8      | Reached skill level 11 in Axes
 10629 | D:8      | Found a stormy altar of Qazlal.
 10657 | D:8      | Reached XP level 10. HP: 67/86 MP: 15/15
 10666 | D:8      | Identified the +9 spear of Icuitac {venom, *Slow rElec
                  | rPois}
 11041 | D:8      | Noticed a cyclops
 11046 | D:8      | Paralysed by a hornet for 2 turns
 11052 | D:8      | Killed a cyclops
 11405 | D:8      | Found Peewel's Armour Emporium.
 11632 | D:9      | Found a staircase to the Lair.
 11667 | D:9      | Noticed a purple ugly thing
 11668 | D:9      | Noticed a two-headed ogre
 11668 | D:9      | Noticed a green ugly thing
 11669 | D:9      | Noticed a centaur warrior
 11682 | D:9      | Noticed a guardian serpent
 11682 | D:9      | a guardian serpent changed into a death drake
 11682 | D:9      | Noticed a death drake (shapeshifter)
 11690 | D:9      | Succumbed to a death drake's dark miasma

Illustrated notes

Levels and vault maps discovered:
D:1:      dpeg_arrival_water_fire, layout_basic, minmay_tetromino_o4
D:2:      layout_basic, hellmonk_ecumenical_altar_pennies_from_heaven,
          moated_statue, grunt_ministairs_14, uniq_robin
D:3:      layout_loops_cross, serial_shops, nicolae_square_shop,
          gammafunk_ghost_arena, dreamdust_princess_bridge,
          kennysheep_generic_room_6
D:4:      layout_loops_corners, gup_ossuary_entry_pyramid, serial_shops,
          nicolae_shop_window_shopping, uniq_edmund
D:5:      layout_cave_pods, kennysheep_big_empty_room
D:6:      layout_loops_corners, lemuel_tele_altar,
          mainiacjoe_overflow_surrounded_room, uniq_prince_ribbit1,
          uniq_menkaure
D:7:      layout_basic, amcnicky_altar_gilded, nzn_hepliaklqana_mist_gate,
          nicolae_overflow_hallway_of_the_gods, temple_statues, minmay_holes,
          reono_crystal_passage, uniq_joseph
D:8:      layout_rooms, nicolae_qazlal_general_emergency, hangedman_ru_absence,
          serial_shops, nicolae_shop_hallway_plus,
          chequers_serial_rivers_micro_c, columned_hall_lemuel
D:9:      layout_basic, okawaru_humans, mainiacjoe_overflow_cross_hatched,
          lair_entry_dummy, minmay_fractal_squares_gapless_7

Skill      XL: |  1  2  3  4  5  6  7  8  9 10 |
---------------+-------------------------------+-----
Fighting       | 4 5 6 7 |  7.2
Axes           | 5 6 7 8 9 11 | 11.4
Armour         | 1 2 3 5 6 7 |  7.5
Invocations    | 1 2 3 4 6 7 8 |  8.7
Dodging        | 3 |  3.8
Stealth        | 1 2 |  2.4

Action                     |  1- 3 |  4- 6 |  7- 9 | 10-12 || total
---------------------------+-------+-------+-------+-------++-------
  Melee: Hand axe          |   113 |   208 |   279 |    26 ||   626
 Invoke: Recall Orcish Fol |       |       |    13 |     3 ||    16
         Smiting           |       |       |     2 |     3 ||     5
         Stop Recall       |       |       |     4 |     1 ||     5
         Give Item to Name |       |       |     1 |       ||     1
    Use: Scroll            |       |       |    13 |       ||    13
         Potion            |       |       |     1 |     1 ||     2
   Stab: Distracted        |       |     1 |     4 |     1 ||     6
 Armour: Scale mail        |    59 |     7 |       |       ||    66
         Chain mail        |       |   114 |   147 |    24 ||   285
  Dodge: Dodged            |    68 |    98 |   113 |    22 ||   301
